 Dungeon Crawl Stone Soup version 0.25.1-2-g60ff931df9 (webtiles) character file.

Game seed: 15393979685753145043

50 Gunterle the Ducker (level 3, 0/34 HPs)
             Began as a Deep Dwarf Monk on Oct 1, 2020.
             Slain by a centaur (6 damage)
             ... on level 5 of the Dungeon.
             The game lasted 00:06:18 (1124 turns).

Gunterle the Ducker (Deep Dwarf Monk)               Turns: 1124, Time: 00:06:19

Health: 0/34       AC:  2    Str: 15    XL:     3   Next: 55%
Magic:  3/3        EV: 14    Int: 10    God:
Gold:   73         SH:  0    Dex: 15    Spells: 2/2 levels left

rFire    . . .     SeeInvis .   a - +0 spear
rCold    . . .     Gourm    .   (no shield)
rNeg     . . .     Faith    .   b - +0 robe
rPois    .         Spirit   .   (no helmet)
rElec    .         Reflect  .   (no cloak)
rCorr    .         Harm     .   (no gloves)
MR       .....     Rnd*Tele +   (no boots)
Stlth    ++........             (no amulet)
HPRegen  0.00/turn              g - ring of teleportation (curse)
MPRegen  0.08/turn              j - ring of flight

@: non-regenerating
A: damage resistance, heal wounds, sense surroundings 1, no regeneration
a: Heal Wounds, Evoke Flight


You were on level 5 of the Dungeon.
You were hungry.

You visited 1 branch of the dungeon, and saw 5 of its levels.

You collected 73 gold pieces.

Inventory:

Hand Weapons
 a - a +0 spear (weapon)
Missiles
 f - 47 stones
 i - 15 poisoned darts (quivered)
 l - 17 arrows
Armour
 b - a +0 robe (worn)
Jewellery
 g - a cursed ring of teleportation (left hand)
 h - an uncursed amulet of guardian spirit {unknown}
 j - a ring of flight (right hand)
 p - an uncursed amulet of guardian spirit {unknown}
Wands
 o - a wand of flame (21)
Scrolls
 n - 3 scrolls of identify {unknown}
Potions
 d - 2 potions of lignification {unknown}
 e - 2 potions of flight {unknown}
 k - 2 potions of mutation {unknown}
 m - a potion of degeneration {unknown}
Comestibles
 c - 2 rations


   Skills:
 + Level 3.0 Fighting
 * Level 3.2 Polearms
 * Level 1.0 Throwing
 + Level 3.6 Dodging
 - Level 2.9 Stealth
 + Level 0.4 Evocations


You had 2 spell levels left.
You didn't know any spells.
Your spell library was empty.

Dungeon Overview and Level Annotations

Branches:
Dungeon (5/15)
 Temple: D:4-7

Altars:
Ashenzari
Sif Muna
Trog

Annotations:
D:2 2 transporters, Jessica
D:4 2 runed translucent doors, cada's ghost, amateur BaSk


Innate Abilities, Weirdness & Mutations

You are resistant to damage.
You can heal yourself by infusing magical energy.
You passively map a small area around you.
You do not regenerate.


Message History

The hound barely misses you.
You hit the hound.
The hound is severely wounded.
The hound bites you.
* * * LOW HITPOINT WARNING * * *
The hound bites you.
* * * LOW HITPOINT WARNING * * *
You closely miss the hound.
The hound is severely wounded.
You feel strangely unstable.
You are suddenly yanked towards some nearby monsters!
Your surroundings suddenly seem different.
An adder comes into view.
Found five items.
A centaur comes into view.
The helpless centaur fails to defend itself.
You hit the centaur.
The centaur is moderately wounded.
The centaur closely misses you. The centaur hits you!
You die...

*
#........
#......≈.
, *
#......≈.
,
#...≈..≈.
#...≈?.≈)
*
#$..≈≈≈♣≈
#...≈[.≈[
#@..S$.≈.
###
#.c....≈.
.<#
#......≈.
* #.#
#........
, #.# *
#........
#.., , ,*
#########
####* , *
, * , **
* ,


You could see a centaur and an adder.

Vanquished Creatures
  A howler monkey skeleton (D:4)
  An adder (D:5)
  An ooze (D:2)
  A leopard gecko (D:2)
  3 orcs
  A bat (D:2)
  2 giant cockroaches
  A goblin (D:2)
  A hobgoblin (D:1)
  4 jackals
  A kobold (D:3)
  A quokka (D:4)
  A ball python (D:1)
  A jackal skeleton (D:4)
  A quokka skeleton (D:4)
21 creatures vanquished.

Notes
Turn   | Place    | Note
-------+----------+-------------------------------------------
     0 | D:1      | Gunterle the Deep Dwarf Monk began the quest for the Orb.
     0 | D:1      | Reached XP level 1. HP: 20/20 MP: 1/1
   144 | D:2      | Reached XP level 2. HP: 25/27 MP: 2/2
   163 | D:2      | Found a shimmering blue altar of Sif Muna.
   168 | D:2      | Found a transporter.
   175 | D:2      | Noticed a crimson imp
   176 | D:2      | Noticed a wight
   181 | D:2      | Found a transporter.
   181 | D:2      | Noticed Jessica
   341 | D:4      | Found a shattered altar of Ashenzari.
   645 | D:4      | Reached XP level 3. HP: 15/33 MP: 3/3
   688 | D:4      | Found a large runed translucent door.
   688 | D:4      | Found a large runed translucent door.
   688 | D:4      | Noticed cada's ghost (amateur BaSk)
   726 | D:4      | Found a bloodstained altar of Trog.
  1017 | D:5      | Entered Level 5 of the Dungeon
  1074 | D:5      | Reached skill level 1 in Throwing
  1124 | D:5      | Noticed a centaur
  1124 | D:5      | Slain by a centaur

Illustrated notes

Levels and vault maps discovered:
D:1:      lightli_arrival_farm, layout_basic
D:2:      layout_basic, gammafunk_temple_overflow_arena, uniq_jessica
D:3:      kennysheep_big_flooded_room, layout_rooms, first_ration
D:4:      layout_basic, cheibrodos_ashenzari_chains, lemuel_doored_altar,
          ebering_ghost_disaster_area, kennysheep_nondescript, kennysheep_dice
D:5:      layout_loops_ring, lemuel_round_altar, kennysheep_generic_room_16

Skill      XL: |  1  2  3 |
---------------+----------+-----
Polearms       | 3 |  3.2
Fighting       | 3 |  3.0
Throwing       | 1 |  1.0
Dodging        | |  3.6
Stealth        | |  2.9
Evocations     | |  0.4

Action                   || total
-------------------------++-------
Melee: Spear             ||    94
Throw: Stone             ||     6
       Dart              ||    16
Evoke: Wand              ||     1
  Use: Scroll            ||     1
 Stab: Sleeping          ||     3
Armor: Robe              ||     8
Dodge: Dodged            ||    67
